[Event "Late-Titled-Tuesday-Blitz-June-04-2024"]
[Site "Chess.com"]
[Date "2024.06.04"]
[Round "3"]
[White "grzechu96"]
[Black "egnfanclub"]
[Result "1-0"]
[WhiteElo "2801"]
[BlackElo "2366"]
[TimeControl "180+1"]
[EndTime "14:28:54 PDT"]
[Termination "grzechu96 won by checkmate"]

1. e4 e5 2. Nf3 Nc6 3. Bc4 Nf6 4. d3 Bc5 5. O-O d6 6. c3 a5 7. Re1 O-O 8. h3 h6 9. Nbd2 Be6 10.
Bb5 Qb8 11. Bxc6 bxc6 12. d4 exd4 13. cxd4 Bb6 14. Qc2 Bd7 15. b3 Re8 16. Bb2 a4 17.
b4 a3 18. Bc3 Qa7 19. Nb3 d5 20. e5 Ne4 21. Rxe4 Bf5 22. Nfd2 dxe4 23. Nxe4 Bg6 24.
Qe2 Rad8 25. Qg4 Kh8 26. Ng3 Rd5 27. h4 Red8 28. Re1 Bc2 29. Nh5 Bg6 30. Nf4 Bxd4 31.
Bxd4 Rxd4 32. Nxd4 Qxd4 33. Nxg6+ fxg6 34. Qxd4 Rxd4 35. e6 Rd8 36. Re3 Re8 37. Rxa3 Rxe6 38. Rc3 Re4 39. a3 Re1+ 40. Kh2 Ra1 41. Rxc6 Rxa3 42.
Rxc7 Rb3 43. Rc4 Kh7 44. f3 Rb2 45. Kg3 h5 46. Kh3 Kh6 47. Kg3 Rb3 48. Kf4 Rb2 49. g3 Rb3 50. Ke4 Rb1 51. Kd5 Rf1 52. b5 Rxf3 53.
b6 Rb3 54. Kc6 Rxg3 55. Rb4 Rc3+ 56. Kd7 Rd3+ 57. Ke6 Re3+ 58. Kd6 Rd3+ 59. Kc5 Rd8 60. b7 Rb8 61. Kc6 g5 62. Kc7 Rf8 63. b8=Q Rxb8 64.
Kxb8 gxh4 65. Rxh4 g5 66. Ra4 h4 67. Kc7 Kh5 68. Kd6 g4 69. Ke5 h3 70. Kf4 Kh4 71. Ra8 h2 72. Rh8# 1-0

[Event "Late-Titled-Tuesday-Blitz-June-04-2024"]
[Site "Chess.com"]
[Date "2024.06.04"]
[Round "3"]
[White "NCchamp"]
[Black "SchmakAttack"]
[Result "1/2-1/2"]
[WhiteElo "2433"]
[BlackElo "2801"]
[TimeControl "180+1"]
[EndTime "14:28:56 PDT"]
[Termination "Game drawn - insufficient material"]

1. d4 Nf6 2. Bg5 g6 3. Bxf6 exf6 4. e3 d5 5. c4 dxc4 6. Bxc4 Bd6 7. Nc3 c6 8. Nf3 f5 9. O-O O-O 10. a4 Nd7 11. a5 Nf6 12. Qc2 Qe7 13. Nd2 Kg7 14. h3 Bc7 15. Rfe1 Qd6 16. Nf1 Bd7 17. Red1 a6 18.
d5 c5 19. e4 fxe4 20. Nxe4 Nxe4 21. Qxe4 Rfe8 22. Qf3 h5 23. Re1 Rxe1 24. Rxe1 Bxa5 25. Rd1 b5 26. Bd3 c4 27. Be4 Re8 28. Ne3 Bb6 29.
Bc2 Bxe3 30. fxe3 Qf6 31. Qxf6+ Kxf6 32. Ra1 Bc8 33. Kf2 Ke5 34. e4 Rd8 35. Ke3 Rd6 36. Rf1 f5 37. g4 hxg4 38. hxg4 fxe4 39. Bxe4 Bxg4 40. Rf8 Bf5 41. Re8+ Kf6 42. Kd4 Bxe4 43. Rxe4 Rd8 44. Kc5 Kf5 45. Re1 g5 46. Kc6 g4 47.
d6 g3 48. Kc7 Rh8 49. d7 Rh7 50. Kc8 Rxd7 51. Kxd7 Kf4 52. Kc6 Kf3 53. Kb6 Kf2 54. Rc1 g2 55. Kxa6 b4 56. Kb5 c3 57. bxc3 bxc3 58.
Kc4 g1=Q 59. Rxg1 Kxg1 60. Kxc3 1/2-1/2

[Event "Late-Titled-Tuesday-Blitz-June-04-2024"]
[Site "Chess.com"]
[Date "2024.06.04"]
[Round "3"]
[White "baki83"]
[Black "Flawless_Fighter"]
[Result "1-0"]
[WhiteElo "2911"]
[BlackElo "2671"]
[TimeControl "180+1"]
[EndTime "14:28:59 PDT"]
[Termination "baki83 won by resignation"]

1. e4 e5 2. Nf3 Nc6 3. Bb5 a6 4. Ba4 Nf6 5. O-O Be7 6. Re1 b5 7. Bb3 O-O 8. d3 d6 9. a4 Bd7 10. c3 h6 11. Nbd2 Na5 12. Bc2 c5 13. Nf1 Re8 14.
Ng3 Bf8 15. h3 Nc6 16. d4 cxd4 17. cxd4 Nxd4 18. Nxd4 exd4 19. Qxd4 bxa4 20. Bxa4 Bxa4 21. Qxa4 d5 22. e5 Ne4 23. Nxe4 Rxe5 24. Bxh6 Rxe4 25. Rxe4 dxe4 26. Be3 Qd5 27. Rd1 Qe6 28. Rc1 a5 29. Rc4 f5 30. Qc2 Bb4 31. Rc7 Qd5 32. g3 Rd8 33.
Kg2 Rd7 34. Rc8+ Kf7 35. Qe2 g6 36. Qa6 Qd1 37. Qc4+ Qd5 38. Qa6 Qd1 39. Rh8 Kg7 40.
Qc8 Qd5 41. Bh6+ Kf6 42. Rf8+ Bxf8 43. Qxf8+ Qf7 44. Qh8+ Ke6 45. Bf4 Kd5 46. Qe5+ Kc6 47. Qxa5 Qd5 48. Qa6+ Kc5 49. Be3+ Kb4 50. Qb6+ Kc4 51.
b3+ Kd3 52. b4 Ke2 53. Qxg6 Qd1 54. Qh5+ Ke1 55. Qxd1+ Kxd1 56. b5 Rd5 57. b6 Rb5 58. h4 f4 59. gxf4 Ke2 60. f5 Rxf5 61. Kg3 Rf7 62.
h5 Rh7 63. h6 Kd3 64. Kg4 Kc4 65. Kg5 Kb5 66. Kg6 Rh8 67. h7 Kc6 68. Kg7 1-0

[Event "Late-Titled-Tuesday-Blitz-June-04-2024"]
[Site "Chess.com"]
[Date "2024.06.04"]
[Round "3"]
[White "FXDon77"]
[Black "Ykow"]
[Result "1-0"]
[WhiteElo "2871"]
[BlackElo "2570"]
[TimeControl "180+1"]
[EndTime "14:28:59 PDT"]
[Termination "FXDon77 won by resignation"]

1. e4 e5 2. Nf3 Nc6 3. Bc4 Nf6 4. d3 d5 5. exd5 Nxd5 6. O-O Nb6 7. Bb5 Bd6 8. Re1 f6 9. Nbd2 O-O 10. Ne4 Bg4 11.
Bxc6 bxc6 12. h3 Bh5 13. Ng3 Bg6 14. Nh4 f5 15. Nxg6 hxg6 16. Qf3 Nd5 17. c4 Nb4 18. Qe2 c5 19. b3 Qh4 20. Bb2 Rae8 21. Rad1 e4 22. dxe4 f4 23. Nh1 f3 24. gxf3 Qxh3 25.
e5 Rf5 26. Ng3 Bxe5 27. Bxe5 Rfxe5 28. Qxe5 Rxe5 29. Rxe5 Nc6 30. Rxc5 Qe6 31. Ne4 g5 32. Nxg5 Qg6 33. f4 Qh5 34. Rd3 Qe2 35. Re3 Qg4+ 36. Rg3 Qd1+ 37. Kg2 Ne7 38. Re5 Qd7 39. Rge3 Ng6 40.
Re8+ Nf8 41. Kg3 g6 42. Rb8 Kg7 43. Rbe8 Qd1 44. R3e7+ Kg8 45. Rf7 Qg1+ 46. Kf3 Qd1+ 47. Kg2 Qg4+ 48. Kf1 Qd1+ 49. Re1 Qd3+ 50. Kg2 Qd8 51.
Ree7 Qd1 52. Re3 Qg4+ 53. Rg3 Qd1 54. Rxc7 Qd6 55. Rxa7 Qxf4 56. Rf7 Qe5 57. Rff3 Qd6 58. Ne4 Qc6 59. Nf6+ Kg7 60. Nd5 Ne6 61. Rg4 Nc7 62.
Rfg3 Nxd5 63. Rxg6+ Qxg6 64. Rxg6+ Kxg6 65. cxd5 Kf5 66. a4 Ke5 67. f4+ 1-0

[Event "Late-Titled-Tuesday-Blitz-June-04-2024"]
[Site "Chess.com"]
[Date "2024.06.04"]
[Round "3"]
[White "picturesquecheck"]
[Black "Meri-Arabidze"]
[Result "1-0"]
[WhiteElo "2455"]
[BlackElo "2681"]
[TimeControl "180+1"]
[EndTime "14:29:00 PDT"]
[Termination "picturesquecheck won on time"]

1. g3 d5 2. Bg2 Nf6 3. Nf3 e6 4. O-O b5 5. d4 Bb7 6. a4 b4 7. c4 bxc3 8. Nxc3 Be7 9. Ne5 O-O 10.
Bg5 Nbd7 11. Nxd7 Qxd7 12. a5 Ba6 13. Re1 Rab8 14. Qd2 h6 15. Bxf6 Bxf6 16. e4 dxe4 17. Nxe4 Qxd4 18. Nxf6+ Qxf6 19. b4 Bb5 20. Rac1 Rfd8 21. Qe3 a6 22. Rxc7 Rd4 23. Qc3 Rbd8 24. Rc8 Rxc8 25. Qxc8+ Kh7 26. Qc2+ g6 27. Qb2 Kg7 28.
Bf1 Rd5 29. Qb3 Bxf1 30. Rxf1 Rb5 31. Qc4 e5 32. Re1 Qd6 33. Qe4 h5 34. h4 f6 35. Qa8 Rxb4 36. Qa7+ Kh6 37. Rc1 Rd4 38. Qa8 Rd1+ 39. Rxd1 Qxd1+ 40. Kh2 Kg7 41. Qxa6 Qf3 42.
Qa7+ Kg8 43. Kg1 Qd1+ 44. Kg2 Qd5+ 45. Kh2 Qf3 46. Kg1 g5 47. hxg5 fxg5 48. Qe3 Qd1+ 49. Kg2 Qd5+ 50. Kh2 g4 51. Qg5+ Kf8 52. Qxh5 Qf3 53.
Qh6+ Kg8 54. Qe3 Qd5 55. Qg5+ Kf7 56. Qxg4 e4 57. Qf4+ Ke7 58. a6 Qh5+ 59. Kg2 Qd5 60. Qe3 Kf6 61. a7 Kf5 62. g4+ Kxg4 63. Qg3+ Kf5 64. Qh3+ Kf4 65. Qh4+ 1-0

[Event "Late-Titled-Tuesday-Blitz-June-04-2024"]
[Site "Chess.com"]
[Date "2024.06.04"]
[Round "3"]
[White "YurasovMat-2012"]
[Black "MaiqMaster"]
[Result "1/2-1/2"]
[WhiteElo "2594"]
[BlackElo "2429"]
[TimeControl "180+1"]
[EndTime "14:29:01 PDT"]
[Termination "Game drawn by repetition"]

1. e4 c5 2. Nf3 e6 3. Be2 Nc6 4. O-O d5 5. exd5 exd5 6. d4 Nf6 7. Re1 Be6 8. Bb5 Be7 9. Ng5 O-O 10.
Bxc6 bxc6 11. Nxe6 fxe6 12. Rxe6 cxd4 13. Qxd4 Ne4 14.
Be3 Bc5 15. Qd3 Bxe3 16. Qxe3 Qd7 17. Rxe4 dxe4 18. Nc3 Rae8 19. Nxe4 Qd5 20. f3 Kh8 21. Qxa7 Qc4 22. c3 Qe2 23. b3 Rd8 24. Qf2 Rd1+ 25.
Rxd1 Qxd1+ 26. Qf1 Qc2 27. Qa6 Qb1+ 28. Kf2 Qxe4 29.
Qa3 Qh4+ 30. Kf1 Re8 31. Qc1 Qxh2 32. Qd2 Qh1+ 33. Kf2 Qh4+ 34. Kf1 h6 35. a4 Qh1+ 36. Kf2 Qb1 37. b4 c5 38. b5 Qb3 39. Qd7 Qc2+ 40. Kg3 Qg6+ 41. Kf2 Rf8 42. Qe7 Qc2+ 43. Kg3 Rf5 44.
Qe8+ Kh7 45. Kh3 Rg5 46. g4 Rg6 47. Qe5 Qd3 48. Kg3 c4 49. a5 Qd7 50. a6 Rf6 51.
Qe4+ g6 52. Qe5 Rf7 53. Qc5 Qd3 54. Qc6 h5 55. b6 hxg4 56. Kxg4 Qf5+ 57. Kg3 Qg5+ 58.
Kf2 Re7 59. b7 Qe3+ 60. Kg3 Qg1+ 61. Kh3 Qh1+ 62. Kg3 g5 63. Qxc4 Re1 64. Qf7+ Kh6 65. Qf6+ Kh7 66. Qf7+ Kh6 67. Qf6+ Kh7 68. Qf7+ 1/2-1/2

[Event "Late-Titled-Tuesday-Blitz-June-04-2024"]
[Site "Chess.com"]
[Date "2024.06.04"]
[Round "3"]
[White "TheAlienParty"]
[Black "Tunahan_Makaraci"]
[Result "1/2-1/2"]
[WhiteElo "2388"]
[BlackElo "2568"]
[TimeControl "180+1"]
[EndTime "14:29:01 PDT"]
[Termination "Game drawn by stalemate"]

1. c4 e6 2. Nf3 d5 3. e3 c5 4. b3 Nf6 5. Bb2 a6 6. Be2 Nc6 7. cxd5 exd5 8. d4 cxd4 9. Nxd4 Bd6 10. Nc3 O-O 11. O-O Qe7 12. Bf3 Qe5 13. g3 Bh3 14. Re1 Qg5 15. Rc1 Rad8 16. Nxc6 bxc6 17. Na4 h5 18. Rxc6 h4 19. Bg2 Bxg2 20. Kxg2 hxg3 21. hxg3 Ne4 22. Qd4 f6 23. Nc3 Nxf2 24. Rxd6 Rxd6 25.
Kxf2 Qf5+ 26. Qf4 Qxf4+ 27. exf4 Rc8 28. Rd1 d4 29. Ne4 Rc2+ 30. Rd2 Rxd2+ 31. Nxd2 d3 32.
Ke3 f5 33. Bd4 Rg6 34. Nf1 Re6+ 35. Kxd3 Re1 36. Ne3 g6 37. Nc4 Rd1+ 38. Kc3 Rc1+ 39. Kb4 Rd1 40. Kc5 Rd3 41. b4 Rxg3 42. a4 g5 43.
fxg5 Rxg5 44. Be5 f4 45. Kd4 f3 46. Ke3 Rg4 47. Bd4 f2 48. Nd2 Rg3+ 49. Kxf2 Rd3 50. Nf3 Rb3 51. Bc5 Kf7 52. a5 Kf6 53. Ke2 Rb2+ 54. Ke3 Ke6 55. Ke4 Re2+ 56. Kd4 Rf2 57. Ne1 Rb2 58. Nd3 Rd2 59. Bb6 Kd6 60. Kc3 Rg2 61.
Nc5 Rg3+ 62. Kd2 Kc6 63. Nxa6 Kb5 64. Nc7+ Kxb4 65. Kc2 Rc3+ 66. Kb2 Rxc7 67. Bxc7 Kb5 68. Kb3 Ka6 69. Kc4 Kb7 70. Kb5 Ka8 71. Ka6 1/2-1/2

[Event "Late-Titled-Tuesday-Blitz-June-04-2024"]
[Site "Chess.com"]
[Date "2024.06.04"]
[Round "3"]
[White "KVAIDAN"]
[Black "chrisclaireredfield"]
[Result "1/2-1/2"]
[WhiteElo "2352"]
[BlackElo "2554"]
[TimeControl "180+1"]
[EndTime "14:29:04 PDT"]
[Termination "Game drawn - insufficient material"]

1. f4 e5 2. d3 Nc6 3. Nf3 Bd6 4. Nc3 exf4 5. Ne4 Bb4+ 6. c3 Be7 7. Bxf4 d5 8. Ng3 Nf6 9. Qd2 O-O 10. O-O-O Bg4 11. e4 dxe4 12. dxe4 Qxd2+ 13. Rxd2 Rac8 14. Bb5 h6 15. Bxc6 bxc6 16. Ne5 c5 17. Nxg4 Nxg4 18. Rd7 Bg5 19.
Bxg5 hxg5 20. Nf5 Ne5 21. h4 g4 22. Rd5 Rfe8 23. h5 c4 24. h6 g6 25. h7+ Kh8 26.
Nd4 Nd3+ 27. Kc2 Nf2 28. Rh4 Nxe4 29. Rxg4 Kxh7 30. Ra5 c5 31. Nf3 Nf2 32. Rxc4 Re2+ 33. Kc1 Rd8 34. Nd4 cxd4 35. cxd4 Nd3+ 36. Kd1 Nxb2+ 37.
Kxe2 Nxc4 38. Rxa7 Kg7 39. Kd3 Ne5+ 40. Ke4 Nc6 41.
Ra4 Ne7 42. Rc4 Nd5 43. a4 f5+ 44. Ke5 Ne3 45. Rc7+ Kh6 46. a5 Nxg2 47. a6 f4 48. a7 f3 49. Rf7 Ra8 50. d5 Ne3 51.
Rxf3 Ng4+ 52. Kf4 Nf6 53. Ke5 Ng4+ 54. Kf4 Nf6 55. Ke5 Nh5 56. Ra3 g5 57. d6 g4 58.
d7 g3 59. d8=Q Rxd8 60. a8=Q Rxa8 61. Rxa8 Kg5 62. Rg8+ Kh4 63. Ke4 Nf6+ 64. Kf3 Nh5 65. Kg2 Nf4+ 66. Kg1 Nh3+ 67. Kh1 Nf4 68. Rf8 Kg4 69.
Kg1 Kf3 70. Rf7 Kg4 71. Ra7 Kf3 72. Ra3+ Kg4 73. Ra4 Kf3 74. Ra3+ Kg4 75. Kh1 Nh3 76. Kg2 Nf4+ 77. Kg1 Nh3+ 78. Kf1 Nf4 79. Ra4 Kf3 80.
Ra3+ Kg4 81. Kg1 Nh3+ 82. Kh1 Nf4 83. Ra8 Kf3 84. Ra3+ Kf2 85. Ra2+ Ne2 86. Rxe2+ Kxe2 87. Kg2 Ke3 88. Kxg3 1/2-1/2

[Event "Late-Titled-Tuesday-Blitz-June-04-2024"]
[Site "Chess.com"]
[Date "2024.06.04"]
[Round "3"]
[White "carloseduar100"]
[Black "PotapovaM"]
[Result "0-1"]
[WhiteElo "2264"]
[BlackElo "2539"]
[TimeControl "180+1"]
[EndTime "14:29:04 PDT"]
[Termination "PotapovaM won on time"]

1. d4 Nf6 2. Bg5 Ne4 3. h4 d5 4. Nd2 Bf5 5. Ngf3 h6 6. Bf4 e6 7. Nxe4 Bxe4 8. Nd2 Bh7 9. e3 c5 10. c3 Nc6 11. Bb5 a6 12. Ba4 b5 13. Bc2 Bxc2 14.
Qxc2 Rc8 15. Qd3 Bd6 16. dxc5 Bxc5 17. Nf3 Bd6 18. Bxd6 Qxd6 19. e4 Ne5 20. Nxe5 Qxe5 21. O-O-O Qxe4 22. Qxe4 dxe4 23. Rhe1 b4 24. Rxe4 bxc3 25.
b3 Ke7 26. Kc2 Rc5 27. Rd3 Rhc8 28. a4 a5 29. g3 R8c7 30. Ree3 Rf5 31. f3 g5 32.
hxg5 Rxg5 33. g4 h5 34. gxh5 Rg2+ 35. Kc1 c2 36. Re1 Rh2 37. Rd2 Rh3 38. Rxc2 Rxc2+ 39. Kxc2 Rxf3 40. Rh1 Kf8 41. h6 Kg8 42. Kb2 Kh7 43. Rh5 f5 44. b4 axb4 45. a5 Ra3 46. Rh4 Rxa5 47. Kb3 Rb5 48. Rh5 Rb6 49. Rh1 Rb7 50. Re1 Re7 51. Kxb4 Kxh6 52. Rg1 Rg7 53. Re1 Rg6 54.
Kc4 Kg7 55. Kd4 Kf6 56. Ra1 Rg4+ 57. Ke3 Re4+ 58. Kf3 Rb4 59. Ra8 Rb3+ 0-1

[Event "Late-Titled-Tuesday-Blitz-June-04-2024"]
[Site "Chess.com"]
[Date "2024.06.04"]
[Round "3"]
[White "semchik90"]
[Black "bazar-wokzal"]
[Result "0-1"]
[WhiteElo "2411"]
[BlackElo "2586"]
[TimeControl "180+1"]
[EndTime "14:29:06 PDT"]
[Termination "bazar-wokzal won by checkmate"]

1. Nf3 c5 2. c4 g6 3. e3 Bg7 4. d4 Nf6 5. Nc3 O-O 6. Be2 d5 7. dxc5 dxc4 8. Qxd8 Rxd8 9. Bxc4 Nbd7 10. O-O Nxc5 11. Ne5 Be6 12. Bxe6 Nxe6 13. b3 Nd5 14.
Nxd5 Bxe5 15. Nxe7+ Kf8 16. Ba3 Bd6 17. Nxg6+ hxg6 18.
Bb2 Ke7 19. f4 Bc5 20. f5 Bxe3+ 21. Kh1 gxf5 22. Rxf5 Bd4 23. Ba3+ Ke8 24. Raf1 Rd7 25. Rh5 Rc8 26. g4 Rc2 27. Rd1 Bc5 28. Rxd7 Kxd7 29.
b4 Bd6 30. Rh7 Ng5 31. Rh5 Nf3 32. g5 Rxa2 33. Bc1 Ra1 34. Kg2 Ne1+ 35. Kh3 Rxc1 36.
Rh7 Ke6 37. Rh8 Rc3+ 38. Kg4 Rc4+ 39. Kh3 Nf3 40. Re8+ Kd7 41. Rg8 Rxb4 42. Kg2 Nh4+ 43. Kh3 Ng6 44. Rg7 Rh4+ 45. Kg2 Rxh2+ 46. Kf3 Ke6 47. Rg8 a5 48. Re8+ Kf5 49. Ra8 Ne5+ 50. Kg3 Nc6+ 51. Kf3 Nd4+ 52. Ke3 Bc5 53. Kd3 b6 54.
Kc4 Kxg5 55. Rg8+ Kf4 56. Rg1 f5 57. Rf1+ Ke3 58. Re1+ Re2 59. Rf1 f4 60. Kd5 f3 61.
Rb1 f2 62. Kc4 Re1 63. Rb2 f1=Q+ 64. Kd5 Qf7+ 65. Ke5 Kd3+ 66. Re2 Nc6# 0-1

[Event "Late-Titled-Tuesday-Blitz-June-04-2024"]
[Site "Chess.com"]
[Date "2024.06.04"]
[Round "3"]
[White "JonasGallasch"]
[Black "Aygehovit1992"]
[Result "1/2-1/2"]
[WhiteElo "2509"]
[BlackElo "2795"]
[TimeControl "180+1"]
[EndTime "14:29:09 PDT"]
[Termination "Game drawn by repetition"]

1. Nf3 Nf6 2. g3 b5 3. Bg2 Bb7 4. d4 e6 5. O-O c5 6. c3 Be7 7. a4 a6 8. axb5 axb5 9. Rxa8 Bxa8 10. dxc5 Bxc5 11. Qb3 Qb6 12. Na3 b4 13. Nc4 Qb5 14.
Nd4 Bxg2 15. Nxb5 Bxf1 16. Kxf1 bxc3 17. bxc3 O-O 18. Ba3 Bxa3 19. Qxa3 Nc6 20. Nbd6 Nd5 21. e4 Nf6 22. Nb6 h6 23. Qc5 Ne7 24. Qc7 Ng4 25. Qxd7 Ng6 26. c4 N6e5 27. Qb7 f5 28. f4 fxe4 29. Qxe4 Nxh2+ 30. Kg2 Neg4 31. c5 e5 32. f5 Kh8 33. c6 Nf6 34. Qxe5 Nhg4 35. Qe7 Rb8 36. c7 Rxb6 37. c8=Q+ Kh7 38. Ne8 Rb2+ 39. Kf1 Rb1+ 40. Ke2 Rb2+ 41. Kd1 Nf2+ 42. Kc1 Nd3+ 43. Kd1 Nf2+ 44. Ke1 Nd3+ 45. Kf1 Rb1+ 46. Kg2 Rb2+ 47. Kf3 Rf2+ 48. Ke3 Nd5+ 49. Kxd3 Nxe7 50. Qe6 Nxf5 51. Qf7 Rf3+ 52. Ke4 Nd6+ 53. Nxd6 Rxf7 54. Nxf7 Kg6 55. Ne5+ Kg5 56. Kf3 Kf5 57. Nd3 h5 58. Nf4 Kg5 59. Ne6+ Kf6 60. Nd4 Kg5 61. Ne2 h4 62. g4 h3 63. Ng3 h2 64. Nh1 Kh4 65. Nf2 g6 66.
Kg2 h1=Q+ 67. Kxh1 Kg3 68. Kg1 Kf3 69. Kf1 g5 70. Ke1 Ke3 71. Kf1 Kf3 72. Kg1 Kg3 73.
Kf1 Kf3 1/2-1/2

[Event "Late-Titled-Tuesday-Blitz-June-04-2024"]
[Site "Chess.com"]
[Date "2024.06.04"]
[Round "3"]
[White "zverr1"]
[Black "Onthequiet"]
[Result "1-0"]
[WhiteElo "2603"]
[BlackElo "2425"]
[TimeControl "180+1"]
[EndTime "14:29:10 PDT"]
[Termination "zverr1 won by resignation"]

1. e4 c6 2. d4 d5 3. e5 Bf5 4. h4 h6 5. Bd3 Bxd3 6. cxd3 e6 7.
Nc3 Nd7 8. Nf3 Bb4 9. Bd2 Ne7 10. h5 Bxc3 11. Bxc3 Qb6 12. Qd2 a5 13. Rh3 Qa6 14.
a4 c5 15. Kf1 O-O 16. g4 f6 17.
exf6 Nxf6 18. g5 Ne4 19. Qe2 Rxf3 20. Rxf3 Nxg5 21. Rf4 c4 22. Rd1 Rc8 23. Qd2 b6 24. Re1 cxd3 25. Re3 Nf5 26. Rxd3 Ne4 27. Qe2 Qc4 28.
Rxe4 dxe4 29. Qxe4 Rf8 30. Kg2 Qd5 31. Qxd5 exd5 32. Rd2 Nd6 33. Re2 Re8 34. Rxe8+ Nxe8 35. b4 axb4 36. Bxb4 Nc7 37. Bd6 Ne6 38. Be5 Kf7 39.
Kf3 g6 40. Kg4 Nd8 41. f4 Nc6 42. hxg6+ Kxg6 43. f5+ Kh7 44. Kh5 Nd8 45. Bc7 Nc6 46.
Bxb6 Kg7 47. Bc5 Kf6 48. Kxh6 Kxf5 49. Kg7 Ke4 50. Kf6 Kd3 51. Ke6 Kc4 52. Kd6 Na5 53. Kc7 Nb3 54. Kb6 Nd2 55. a5 Ne4 56. a6 Nf6 57. a7 Nd7+ 58. Kc7 Nxc5 59. dxc5 d4 60.
a8=Q d3 61. Qa5 Kd4 62. Qd2 Ke4 63. c6 Kd4 64. Kd7 Ke4 65. c7 Kd4 66. c8=Q Ke4 67.
Qc4+ Ke5 68. Qe3+ 1-0

[Event "Late-Titled-Tuesday-Blitz-June-04-2024"]
[Site "Chess.com"]
[Date "2024.06.04"]
[Round "3"]
[White "Love7Unicorn"]
[Black "Eduard_Limonov"]
[Result "1-0"]
[WhiteElo "2563"]
[BlackElo "2825"]
[TimeControl "180+1"]
[EndTime "14:29:16 PDT"]
[Termination "Love7Unicorn won by checkmate"]

1. d4 Nf6 2. c4 e6 3. g3 c5 4. d5 exd5 5. cxd5 g6 6. Nc3 Bg7 7. Bg2 O-O 8. Nf3 d6 9. O-O Re8 10. a4 Na6 11. Bf4 Nb4 12. Nd2 Nh5 13. Be3 Bf5 14. Rc1 Qd7 15. Nc4 Rad8 16. Bg5 Nf6 17. Bf4 Qe7 18. Re1 a6 19. e4 Bg4 20. f3 Bc8 21. g4 h5 22. h3 Nh7 23. Qd2 Bd4+ 24. Be3 Bxe3+ 25. Rxe3 Qf6 26. a5 hxg4 27. hxg4 Ng5 28.
b3 Kg7 29. Rf1 Qf4 30. Ne2 Qf6 31. f4 Nh7 32. g5 Qe7 33. Qc3+ f6 34. Ng3 Bd7 35.
gxf6+ Qxf6 36. e5 dxe5 37. fxe5 Qg5 38. e6+ Kg8 39. Rf7 Qh6 40. Rxd7 Na2 41. Qe1 Nf6 42. Rxd8 Rxd8 43. e7 Re8 44. d6 Ng4 45. Bd5+ Kh7 46.
Re2 Nc3 47. Rg2 Nxd5 48. Qe6 Ndf6 49. Qf7+ Kh8 50. Nf1 Rg8 51. Ne5 Nxe5 52. Qxf6+ Qg7 53. Qxg7+ Kxg7 54. Re2 Nd7 55. Ne3 Re8 56. Nd5 Kf7 57.
Nc7 c4 58. Nxe8 Kxe8 59. bxc4 Nf6 60. c5 Kd7 61. Rb2 Kc6 62. Rb6+ Kxc5 63. d7 Nxd7 64.
e8=Q Nxb6 65. axb6 Kxb6 66. Qxg6+ Kc5 67. Kf2 b5 68. Ke2 a5 69. Kd2 Kb4 70. Kc2 a4 71. Qe4+ Ka3 72. Qd3+ Ka2 73. Qxb5 a3 74. Qb1# 1-0

[Event "Late-Titled-Tuesday-Blitz-June-04-2024"]
[Site "Chess.com"]
[Date "2024.06.04"]
[Round "3"]
[White "alexrustemov"]
[Black "topce"]
[Result "1/2-1/2"]
[WhiteElo "2820"]
[BlackElo "2461"]
[TimeControl "180+1"]
[EndTime "14:29:16 PDT"]
[Termination "Game drawn by repetition"]

1. d4 d5 2. c4 e6 3. Nc3 Nf6 4. cxd5 exd5 5. Bg5 c6 6. e3 h6 7. Bh4 g5 8. Bg3 Be6 9. Bd3 Nbd7 10. h3 Bg7 11. Nf3 Qb6 12. Rb1 O-O 13. O-O a5 14. Qc2 Nh5 15. Bh2 f5 16. Rfe1 Qd8 17. Na4 Qf6 18.
Ne5 Rae8 19. Nxd7 Bxd7 20. Nc5 Bc8 21. Be5 Rxe5 22. dxe5 Qxe5 23. Be2 Nf6 24. Nd3 Qc7 25. Bf1 Ne4 26. g3 Qe7 27. Bg2 Re8 28. Rbd1 Be6 29.
a3 Nd6 30. Qc5 a4 31. Qb4 b5 32. Re2 Nc4 33. Qxe7 Rxe7 34. Rc1 Kf7 35. Rcc2 Re8 36. Nb4 Bd7 37. Bf3 g4 38. Bg2 h5 39. h4 Bf6 40.
Nd3 Be5 41. Nxe5+ Rxe5 42. Re1 Kf6 43. Bf1 Nd6 44. Bd3 Ke7 45. Rec1 Nc4 46. Kf1 Kd6 47.
Ra1 Nb6 48. Rc3 c5 49. Be2 c4 50. Rd1 Kc5 51. Rc2 Bc6 52. Rd4 Nc8 53. Rf4 Nd6 54.
Rc1 Ne4 55. Bd1 Bb7 56. Bc2 Bc6 57. Bxe4 dxe4 58. Rd1 Bd5 59. Ke2 Be6 60. Rd4 Rd5 61. Rxd5+ Kxd5 62. Kd2 Kc5 63. Kc3 Bd7 64. Kd2 Be6 65. Kc3 Bd7 66. Kc2 b4 67. Kd2 Be6 68. Kc2 Bd7 69. Kd2 Be6 70. Kc2 Bd7 1/2-1/2

[Event "Late-Titled-Tuesday-Blitz-June-04-2024"]
[Site "Chess.com"]
[Date "2024.06.04"]
[Round "3"]
[White "Good_Knight_Kiss"]
[Black "subham777"]
[Result "1-0"]
[WhiteElo "2355"]
[BlackElo "2544"]
[TimeControl "180+1"]
[EndTime "14:29:17 PDT"]
[Termination "Good_Knight_Kiss won by checkmate"]

1. e4 e6 2. d4 d5 3. Nc3 Nf6 4. Bg5 Be7 5. e5 Nfd7 6. Bxe7 Qxe7 7. f4 a6 8. Nf3 c5 9. Qd2 Nc6 10. dxc5 Qxc5 11. Ne2 b5 12. Ned4 Nb6 13. O-O-O Bd7 14.
h4 Rc8 15. Nxc6 Rxc6 16. Nd4 Rc8 17. h5 h6 18. g4 b4 19. f5 Qa5 20. Kb1 Na4 21. Ka1 Nc5 22. Bd3 Bb5 23. Qf4 Bxd3 24. cxd3 b3 25. a3 Qb6 26. f6 gxf6 27. Qxf6 Rh7 28.
Nf5 Nd7 29. Ng7+ Kf8 30. Nxe6+ Qxe6 31. Qf4 Qxe5 32. Qb4+ Qe7 33. Qxb3 Nc5 34. Qxd5 Qe6 35. Qf3 Nb3+ 36. Kb1 Rg7 37. Rhf1 Rg5 38. d4 Rxg4 39.
d5 Qe4+ 40. Qxe4 Rxe4 41. Ka2 Nc5 42. Rf6 Kg7 43. Rc6 Rxc6 44. dxc6 Re6 45. Rc1 Nd3 46. Rc3 Re7 47. c7 Rxc7 48. Rxc7 Ne5 49. b4 Kf6 50. Ra7 Kg5 51. Rxa6 f5 52. b5 f4 53. b6 f3 54.
b7 Nd7 55. Rd6 Nb8 56. Rd3 Kf4 57. Rd8 Nc6 58. b8=Q+ Nxb8 59. Rxb8 f2 60. Rf8+ Kg3 61. a4 Kg2 62. a5 f1=Q 63. Rxf1 Kxf1 64. a6 Kg2 65. a7 Kg3 66. a8=Q Kg4 67. Qg2+ Kxh5 68. Kb3 Kh4 69. Qh2+ Kg5 70. Kc3 h5 71. Kd4 Kg4 72.
Ke3 h4 73. Qg2+ Kh5 74. Kf4 Kh6 75. Qg5+ Kh7 76. Qxh4+ Kg7 77. Qg5+ Kf7 78. Qh6 Ke7 79. Ke5 Kf7 80. Qf6+ Ke8 81. Qg7 Kd8 82. Kd6 Kc8 83. Qc7# 1-0

[Event "Late-Titled-Tuesday-Blitz-June-04-2024"]
[Site "Chess.com"]
[Date "2024.06.04"]
[Round "3"]
[White "Crasyhealer"]
[Black "MiguelBestard1981"]
[Result "1-0"]
[WhiteElo "2526"]
[BlackElo "2207"]
[TimeControl "180+1"]
[EndTime "14:29:21 PDT"]
[Termination "Crasyhealer won on time"]

1. d4 d5 2. c4 c6 3. Nf3 Nf6 4. Qc2 Bg4 5. Ne5 Bh5 6. Nc3 e6 7. Qb3 Qb6 8. c5 Qxb3 9. axb3 Nbd7 10. f4 a6 11. e3 Rc8 12. b4 Nxe5 13. fxe5 Nd7 14.
Bd3 Bg6 15. Bxg6 hxg6 16. e4 dxe4 17. O-O f5 18. exf6 Nxf6 19. Bg5 Be7 20. Rae1 Rd8 21.
Nxe4 Rxd4 22. Nxf6+ gxf6 23. Bxf6 Bxf6 24. Rxf6 Rxb4 25. Rexe6+ Kd8 26. Rd6+ Kc8 27. Rf2 Rg8 28. Rc2 g5 29. h3 g4 30. hxg4 Rgxg4 31. Rcd2 Rg8 32.
Rc2 Rb5 33. Rd4 Rg5 34. Rdc4 Rg3 35. Re2 Rgb3 36. g4 Rg3+ 37. Kh2 Rbb3 38. Re8+ Kd7 39. Rce4 Rh3+ 40. Kg2 Rbg3+ 41. Kf2 Rf3+ 42. Ke2 Rf7 43. g5 Rg3 44. Rg8 Re7 45. Rxe7+ Kxe7 46. b4 Kf7 47. Rb8 Rxg5 48. Rxb7+ Ke6 49. Kd3 Rg3+ 50. Kc4 Rg4+ 51. Kb3 Rg3+ 52. Ka4 Kd5 53. Ka5 Rg1 54. Kxa6 Rb1 55.
Rb6 Rg1 56. Ka7 Rg7+ 57. Rb7 Rg1 58. Kb6 Rb1 59. Kc7 Rg1 60. Rb8 Rg7+ 61. Kb6 Rg4 62. Rd8+ Ke6 63. Kxc6 Rxb4 64. Re8+ Kf7 65. Re1 Rb8 66.
Kc7 Rb2 67. c6 Rc2 68. Kd7 Rd2+ 69. Kc8 Rc2 70. c7 Rc3 71. Re4 Rc1 72. Kd7 Rd1+ 73. Kc6 Rc1+ 74. Kd6 Rd1+ 75. Kc5 Ra1 76. c8=Q Ra5+ 77.
Kb6 Rg5 78. Qe6+ 1-0

[Event "Late-Titled-Tuesday-Blitz-June-04-2024"]
[Site "Chess.com"]
[Date "2024.06.04"]
[Round "3"]
[White "ZverevLev"]
[Black "gmcorrales"]
[Result "1-0"]
[WhiteElo "2655"]
[BlackElo "2881"]
[TimeControl "180+1"]
[EndTime "14:29:24 PDT"]
[Termination "ZverevLev won on time"]

1. e4 c5 2. Nf3 d6 3. d4 cxd4 4. Nxd4 Nf6 5. Nc3 a6 6. Bg5 Nbd7 7. f4 Qc7 8. Qf3 g6 9. O-O-O Bg7 10. Nd5 Nxd5 11.
exd5 Nf6 12. f5 O-O 13. Bd3 Nd7 14. Qe3 Ne5 15. fxg6 hxg6 16. h4 Bg4 17. Be2 Rac8 18. h5 gxh5 19. Kb1 Nc4 20. Qe4 Qb6 21. Nb3 Qb4 22. Bd3 Na3+ 23. bxa3 Qxe4 24. Bxe4 Bxd1 25. Rxd1 Bf6 26. Bxf6 exf6 27. Nd4 Rfe8 28. Bd3 Rc5 29. c4 b5 30. Nb3 Rc7 31. cxb5 axb5 32. Bxb5 Re4 33.
Bc6 Rg4 34. a4 Rxg2 35. Nd4 h4 36. Nb5 Re7 37. Rh1 h3 38. Nd4 h2 39. Nf3 Rg1+ 40. Nxg1 Re1+ 41. Kb2 hxg1=Q 42. Rxg1+ Rxg1 43. a5 Re1 44. a6 Re7 45. Bb7 f5 46. Kc3 Rc7+ 47.
Kd4 Rc2 48. a7 Rxa2 49. a8=Q+ Rxa8 50. Bxa8 Kg7 51. Bc6 Kf6 52. Ke3 Ke5 53. Kf3 f4 54.
Bb7 f6 55. Bc6 Kf5 56. Bd7+ Ke5 57. Be6 f5 58. Bg8 Kf6 59. Kxf4 Kg6 60. Be6 Kf6 61.
Bxf5 Ke7 62. Be6 Kf6 63. Ke4 Kg6 64. Kd4 Kf6 65. Kc4 Ke5 66. Kb5 Kd4 67. Kc6 Ke5 68.
Kd7 Kd4 69. Kxd6 1-0